 Dungeon Crawl Stone Soup version 0.21.1-1-g345015f (webtiles) character file.

42 wilfster70 the Insei (level 3, 0/28 HPs)
             Began as a Gnoll Transmuter on June 7, 2018.
             Hit by a goblin thrown by Robin (3 damage)
             ... on level 2 of the Dungeon on June 11, 2018.
             The game lasted 00:05:20 (850 turns).

wilfster70 the Insei (Gnoll Transmuter)              Turns: 850, Time: 00:05:21

Health: 0/28       AC:  2    Str: 12    XL:     3   Next: 56%
Magic:  9/9        EV: 14    Int: 16    God:
Gold:   55         SH:  0    Dex: 15    Spells: 6/12 levels left

rFire    + . .     SeeInvis .     - Unarmed
rCold    + . .     Gourm    .   (no shield)
rNeg     . . .     Faith    .   b - +0 robe
rPois    +         Spirit   .   (no helmet)
rElec    +         Reflect  .   (no cloak)
rCorr    +         Harm     .   (no gloves)
MR       .....                  (boots currently unavailable)
Stlth    ++........             (no amulet)
HPRegen  0.09/turn              (no ring)
MPRegen  0.11/turn              (no ring)

@: appendage, resistant
A: distributed training, fangs 1, talons 3, strong nose
a: End Transformation


You were on level 2 of the Dungeon.
You were not hungry.
You had grown temporary talons.
You visited 1 branch of the dungeon, and saw 2 of its levels.

You collected 55 gold pieces.

Inventory:

Missiles
 a - 12 arrows
 g - 23 stones
 i - 2 tomahawks (quivered)
Armour
 b - a +0 robe (worn)
Jewellery
 j - an uncursed ring of protection from fire {unknown}
Scrolls
 e - a scroll of blinking {unknown}
 h - a scroll of identify {unknown}
 k - a scroll of remove curse {unknown}
Books
 c - a book of Changes

   Spells                             Type                      Level
   a - Beastly Appendage              Transmutation                1
   b - Sticks to Snakes               Transmutation                2
   c - Spider Form                    Transmutation/Poison         3
   d - Ice Form                       Ice/Transmutation            4
   e - Blade Hands                    Transmutation                5
Comestibles
 d - 4 rations


   Skills:
 + Level 2.6 Fighting
 + Level 0.8 Short Blades
 + Level 0.8 Long Blades
 + Level 0.8 Axes
 + Level 0.8 Maces & Flails
 + Level 0.8 Polearms
 + Level 0.8 Staves
 + Level 0.8 Slings
 + Level 0.8 Bows
 + Level 0.8 Crossbows
 + Level 0.8 Throwing
 + Level 0.8 Armour
 + Level 4.5 Dodging
 + Level 0.8 Stealth
 + Level 0.8 Shields
 + Level 6.5 Unarmed Combat
 + Level 5.0 Spellcasting
 + Level 0.5 Conjurations
 + Level 0.5 Hexes
 + Level 0.5 Charms
 + Level 0.5 Summonings
 + Level 0.5 Necromancy
 + Level 0.5 Translocations
 + Level 3.7 Transmutations
 + Level 0.5 Fire Magic
 + Level 0.5 Ice Magic
 + Level 0.5 Air Magic
 + Level 0.5 Earth Magic
 + Level 0.5 Poison Magic
 + Level 1.0 Invocations
 + Level 0.8 Evocations


You had 6 spell levels left.
You knew the following spells:

 Your Spells              Type           Power        Failure   Level  Hunger
a - Beastly Appendage     Tmut           ###...       3%          1    None
b - Sticks to Snakes      Tmut           ###.....     4%          2    #......
c - Spider Form           Tmut/Pois      ##........   19%         3    ###....


Dungeon Overview and Level Annotations

Branches:
Dungeon (2/15)

Altars:

Annotations:
D:2 Robin


Innate Abilities, Weirdness & Mutations

Your experience applies equally to all skills.
You have very sharp teeth.
Your uncanny sense of smell can sniff out nearby items.
You have claws for feet.


Message History

It was a potion of resistance.
You feel protected. The goblin barely misses you.
The hobgoblin hits you with a club.
* * * LOW HITPOINT WARNING * * *
You closely miss the goblin. You claw the goblin.
The goblin is moderately wounded.
The goblin closely misses you.
You barely miss the goblin. You bite the goblin.
The goblin is moderately wounded.
The hobgoblin closely misses you. The goblin closely misses you.
You punch the goblin!
You kill the goblin!
Robin roars a battlecry!
The hobgoblin closely misses you.
You hear a shout!
You barely miss the hobgoblin.
You kill the hobgoblin!
You hear a shout!
Robin throws the goblin at you!
You die...

#################
∆................#
#########..####.# #.
#......# #.#
#...#######.##...####.#
#...g))@g...#.......#.#
#.#.#########.#.###.#.#
#.........#.#.#
.#####.###.#.#.#.#.#
.......<...#.#...#.#
............>#####.#
...................#
....################
...


You could see Robin and a goblin.

Vanquished Creatures
  An ooze (D:1)
  A dart slug (D:1)
  A leopard gecko (D:1)
  3 giant cockroaches (D:1)
  3 hobgoblins
  2 jackals (D:1)
  A quokka (D:2)
  A ball python (D:1)
  2 bats (D:1)
  A frilled lizard (D:1)
  8 goblins
  5 kobolds
  4 rats (D:1)
33 creatures vanquished.

Notes
Turn   | Place    | Note
-------+----------+-------------------------------------------
     0 | D:1      | wilfster70 the Gnoll Transmuter began the quest for the Orb.
     0 | D:1      | Reached XP level 1. HP: 17/17 MP: 6/6
     0 | D:1      | Noticed a vampire
     0 | D:1      | Noticed a centaur
     1 | D:1      | Noticed a minotaur
     5 | D:1      | Noticed a draconian
     6 | D:1      | Noticed a troll
    10 | D:1      | Noticed a ghoul
    10 | D:1      | Noticed a vine stalker
    12 | D:1      | Noticed a formicid
    12 | D:1      | Noticed a troll
    13 | D:1      | Noticed a draconian
    14 | D:1      | Noticed a ghoul
    14 | D:1      | Noticed a ghoul
    16 | D:1      | Noticed a dwarf
    16 | D:1      | Noticed a naga
    18 | D:1      | Noticed a formicid
   160 | D:1      | Reached XP level 2. HP: 20/23 MP: 7/7
   169 | D:1      | Learned a level 2 spell: Sticks to Snakes
   540 | D:1      | Reached skill level 5 in Spellcasting
   540 | D:1      | Reached XP level 3. HP: 28/28 MP: 7/9
   545 | D:1      | Learned a level 3 spell: Spider Form
   831 | D:2      | Noticed Robin
   844 | D:2      | Reached skill level 1 in Invocations
   850 | D:2      | Hit by a goblin thrown by Robin

Skill      XL: |  1  2  3 |
---------------+----------+-----
Spellcasting   | 5 |  5.0
Invocations    | 1 |  1.0
Fighting       | |  2.6
Short Blades   | |  0.8
Long Blades    | |  0.8
Axes           | |  0.8
Maces & Flails | |  0.8
Polearms       | |  0.8
Staves         | |  0.8
Slings         | |  0.8
Bows           | |  0.8
Crossbows      | |  0.8
Throwing       | |  0.8
Armour         | |  0.8
Dodging        | |  4.5
Stealth        | |  0.8
Shields        | |  0.8
Unarmed Combat | |  6.5
Conjurations   | |  0.5
Hexes          | |  0.5
Charms         | |  0.5
Summonings     | |  0.5
Necromancy     | |  0.5
Translocations | |  0.5
Transmutations | |  3.7
Fire Magic     | |  0.5
Ice Magic      | |  0.5
Air Magic      | |  0.5
Earth Magic    | |  0.5
Poison Magic   | |  0.5
Evocations     | |  0.8

Action                   || total
-------------------------++-------
Melee: Unarmed           ||   102
       Bite              ||    12
       Headbutt          ||     2
       Punch             ||     1
       Kick              ||     6
 Cast: Beastly Appendage ||     6
  Use: Potion            ||     1
 Stab: Sleeping          ||     2
Armor: Robe              ||    12
Dodge: Dodged            ||    95
